 Dungeon Crawl Stone Soup version 0.24-a0-585-g5c5dc1b5cb (webtiles) character file.

Game seed: 6367025380995084972, levelgen mode: deterministic

123 Masnef the Sneak (level 5, 0/30 HPs)
             Began as a Kobold Assassin on Sept 1, 2019.
             Killed from afar by Ijyb (5 damage)
             ... with a bolt of acid
             ... on level 3 of the Dungeon on Sept 7, 2019.
             The game lasted 00:12:44 (2548 turns).

Masnef the Sneak (Kobold Assassin)                  Turns: 2548, Time: 00:12:45

Health: 0/30       AC:  4    Str:  8      XL:     5   Next: 28%
Magic:  5/5        EV: 13    Int: 13      God:
Gold:   118        SH:  4    Dex: 13 (17) Spells: 4/4 levels left

rFire    . . .     SeeInvis +   a - +2 dagger
rCold    . . .     Gourm    .   j - +0 buckler (curse)
rNeg     . . .     Faith    +   b - +0 robe
rPois    .         Spirit   .   (no helmet)
rElec    .         Reflect  .   c - +0 cloak
rCorr    .         Harm     .   (no gloves)
MR       .....                  (no boots)
Stlth    +++.......             s - amulet of faith
HPRegen  0.10/turn              g - ring of see invisible
MPRegen  0.09/turn              l - +1 ring of protection

@: no status effects
A: small, carnivore
a: no special abilities


You were on level 3 of the Dungeon.
You were full.

You visited 1 branch of the dungeon, and saw 3 of its levels.

You collected 118 gold pieces.

Inventory:

Hand Weapons
 a - a +2 dagger (weapon)
 i - a +0 hunting sling
Missiles
 d - 10 poisoned darts (quivered)
 t - 31 stones
Armour
 b - a +0 robe (worn)
 c - a +0 cloak (worn)
 j - a cursed +0 buckler (worn)
 q - a +2 ring mail of magic resistance
Jewellery
 g - a ring of see invisible (left hand)
 l - a +1 ring of protection (right hand)
 s - an amulet of faith (around neck)
Scrolls
 h - 2 scrolls of magic mapping
 m - a scroll of noise {unknown}
 n - a scroll of identify
 o - a scroll of remove curse {unknown}
Potions
 k - 5 potions of curing
 p - a potion of agility {unknown}
 r - a potion of lignification {unknown}
 u - a potion of heal wounds {unknown}
Comestibles
 f - 5 rations


   Skills:
 - Level 2.1 Fighting
 * Level 4.6 Short Blades
 + Level 2.2 Throwing
 - Level 1.2 Dodging
 + Level 7.1 Stealth
 * Level 1.0 Shields


You had 4 spell levels left.
You didn't know any spells.
Your spell library was empty.

Dungeon Overview and Level Annotations

Branches:
Dungeon (3/15)

Altars:
Elyvilon

Annotations:
D:3 quasit LV above, 1 runed translucent door, Crazy Yiuf, Ijyb


Innate Abilities, Weirdness & Mutations

You are small and have problems with some larger weapons.
You are carnivorous and can eat meat at any time.


Message History

Ijyb is lightly wounded.
Ijyb zaps a wand.
The bolt of acid hits you!
You are splashed with acid!
* * * LOW HITPOINT WARNING * * *
You are too injured to fight recklessly!
You aren't carrying any items that you can evoke.
Quiver which item? (- for none, * to show all) (? for menu, Esc to quit)
Quivering
e - 2 curare-tipped darts for throwing.
Throwing (i - inventory. (/) - cycle)
e - 2 curare-tipped darts (quivered)
Press: ? - help, Shift-Dir - straight line, f/p - Ijyb
Aim: Ijyb, wielding a +6 club, wearing a +0 leather armour and carrying a wand of acid (7) (moderately wounded, poisoned)
You throw a curare-tipped dart. The curare-tipped dart misses Ijyb.
Throwing (i - inventory. (/) - cycle)
e - a curare-tipped dart (quivered)
Press: ? - help, Shift-Dir - straight line, f/p - Ijyb
Aim: Ijyb, wielding a +6 club, wearing a +0 leather armour and carrying a wand of acid (7) (moderately wounded, poisoned)
You throw a curare-tipped dart.
The curare-tipped dart closely misses Ijyb.
Ijyb barely misses you.
Ijyb drinks a potion.
Ijyb is healed!
Ijyb looks more healthy.
Ijyb zaps a wand.
The bolt of acid hits you.
You die...

# ##### #....# #. ## ...#
##..#####
#.#.###.###....##.#
########.............###.#
....... ###....#.#...<>...
.. #.>.## ##.............#
...##(##.###.##............
........#.#.#######........
........##@.# #..##.###
........g..(# #..##.###
.....[..##### #........
.....?..# #.#.#.###
...##.### #........ ... #.
......†### .. #. ####.## #
#. #.# # #.# #


You could see Ijyb.

Vanquished Creatures
  A scorpion (D:2)
  3 oozes (D:1)
  2 worms
  A dart slug (D:3)
  3 leopard geckos
  A ball python (D:2)
  3 giant cockroaches
  10 goblins
  5 hobgoblins
  2 jackals (D:1)
  A quokka (D:3)
  6 bats
  2 frilled lizards (D:1)
  7 kobolds
  5 rats
52 creatures vanquished.

Notes
Turn   | Place    | Note
-------+----------+-------------------------------------------
     0 | D:1      | Masnef the Kobold Assassin began the quest for the Orb.
     0 | D:1      | Reached XP level 1. HP: 12/12 MP: 1/1
     1 | D:1      | Found a runed translucent door.
   137 | D:1      | Reached XP level 2. HP: 10/17 MP: 2/2
   276 | D:1      | Reached skill level 6 in Stealth
   542 | D:1      | Upgraded the game from 0.24-a0-584-g9d6b971ae4 to
                  | 0.24-a0-585-g5c5dc1b5cb
   734 | D:1      | Reached XP level 3. HP: 21/21 MP: 3/3
  1200 | D:2      | Noticed a scorpion
  1218 | D:2      | Killed a scorpion
  1218 | D:2      | Reached skill level 7 in Stealth
  1218 | D:2      | Reached XP level 4. HP: 19/26 MP: 4/4
  1570 | D:2      | Reached XP level 5. HP: 21/30 MP: 5/5
  2106 | D:3      | Found a white marble altar of Elyvilon.
  2481 | D:3      | Reached skill level 1 in Shields
  2503 | D:3      | Found a runed translucent door.
  2504 | D:3      | Noticed Crazy Yiuf
  2526 | D:3      | Noticed Ijyb
  2548 | D:3      | Killed from afar by Ijyb

Levels and vault maps discovered:
D:1:      dpeg_arrival_caged_fury, layout_basic, nrook_uturn,
          serial_park_tiny_pond
D:2:      layout_basic, first_ration
D:3:      layout_loops_ring, elyvilon_altar_4, uniq_crazy_yiuf_cottage,
          uniq_ijyb

Skill      XL: |  1  2  3  4  5 |
---------------+----------------+-----
Short Blades   | 3 4 |  4.6
Stealth        | 6 7 |  7.1
Shields        | 1 |  1.0
Fighting       | |  2.1
Throwing       | |  2.2
Dodging        | |  1.2

Action                   |  1- 3 |  4- 6 || total
-------------------------+-------+-------++-------
Melee: Dagger            |   105 |    96 ||   201
Throw: Dart              |     2 |    13 ||    15
  Use: Scroll            |       |     5 ||     5
 Stab: Sleeping          |     9 |     6 ||    15
  Eat: Chunk             |     6 |     5 ||    11
Armor: Robe              |    15 |    31 ||    46
Dodge: Dodged            |    50 |    66 ||   116
Block: Buckler           |    13 |    17 ||    30

Table legend:
 A = Non-vault XP
 B = Vault XP
 C = Vault XP percentage of total XP
 D = Non-vault monster count
 E = Vault monster count
 F = Vault count percentage of total count
                 A         B        C        D         E       F
            +---------+---------+-------+---------+---------+-------
      Total |     151 |      25 |  14.2 |      43 |       9 |  17.3
            +---------+---------+-------+---------+---------+-------
        D:1 |      30 |      25 |  45.5 |      15 |       9 |  37.5
        D:2 |      91 |       0 |   0.0 |      14 |       0 |   0.0
        D:3 |      30 |       0 |   0.0 |      14 |       0 |   0.0
            +---------+---------+-------+---------+---------+-------
